 Dungeon Crawl Stone Soup version 0.28.0-43-g3370ac3207 (webtiles) character file.

Game seed: 6209690302920507736

975 Arcadio the Skirmisher (level 7, -1/52 (59) HPs)
             Began as a Palentonga Fighter on Mar 24, 2022.
             Was a Believer of Ru.
             Killed from afar by a steam dragon (19 damage)
             ... with a ball of steam
             ... on level 6 of the Dungeon.
             The game lasted 00:16:44 (5199 turns).

Arcadio the Skirmisher (Palentonga Fighter)         Turns: 5199, Time: 00:16:45

HP:   -1/52 (59)    AC: 15    Str: 22    XL:     7   Next: 95%
MP:   7/7           EV:  6    Int:  8    God:    Ru [**....]
Gold: 247           SH:  8    Dex:  9    Spells: 6/6 levels left

rFire   x . .      SeeInvis +   o - +2 war axe (freeze)
rCold   + . .      Faith    .   r - +0 kite shield
rNeg    . . .      Spirit   .   b - +0 scale mail
rPois   .          Reflect  .   (no helmet)
rElec   .          Harm     .   E - scarf {+Inv}
rCorr   .          Rampage  .   h - +0 pair of gloves
Will    .....                   (no barding)
Stlth   ..........              (no amulet)
HPRegen 0.17/turn               f - ring of ice
MPRegen 0.10/turn               (no ring)

@: heavily drained, curled up
A: large, rugged brown scales 3, see invisible, deformed body, hated by all,
roll 1, armoured tail, reflexive curl
a: Rolling Charge, Renounce Religion, Evoke Invisibility


You were on level 6 of the Dungeon.
You worshipped Ru.
Ru was pleased with you.
You visited 2 branches of the dungeon, and saw 7 of its levels.
You also visited: Ossuary.

You collected 247 gold pieces.

Inventory:

Hand Weapons
 a - a +0 flail
 o - a +2 war axe of freezing (weapon)
 F - a +4 flail of draining
Armour
 b - a +0 scale mail (worn)
 c - a +0 buckler
 h - a +0 pair of gloves (worn)
 r - a +0 kite shield (worn)
 E - a scarf of invisibility (worn)
Magical Staves
 l - a staff of poison
Jewellery
 f - a ring of ice (left hand)
 g - a ring of positive energy
Wands
 n - a wand of paralysis (15)
 q - a wand of polymorph (21)
 u - a wand of iceblast (8)
Scrolls
 e - 3 scrolls of magic mapping {unknown}
 i - 7 scrolls of teleportation
 j - a scroll of silence {unknown}
 m - 3 scrolls of blinking
 p - a scroll of brand weapon {unknown}
 x - a scroll of amnesia {unknown}
 y - a scroll of fog {unknown}
 z - a scroll of enchant weapon {unknown}
 D - a scroll of identify
Potions
 d - a potion of heal wounds
 k - 4 potions of curing
 s - a potion of lignification
 t - 3 potions of mutation
 v - a potion of attraction
 w - a potion of cancellation {unknown}
 A - a potion of invisibility {unknown}
 B - 3 potions of magic {unknown}
 C - a potion of haste


   Skills:
 + Level 5.5 Fighting
 + Level 4.1(4.5) Axes
 - Level 2.4(3.6) Maces & Flails
 + Level 4.6 Armour
 + Level 4.1 Shields


You had 6 spell levels left.
You didn't know any spells.
Your spell library contained the following spells:

 Spells                   Type           Power      Damage    Failure   Level
 Beastly Appendage        Tmut           0%         N/A       94%         1
 Wereblood                Tmut           0%         N/A       98%         2
 Gell's Gravitas          Tloc           0%         N/A       100%        3
 Spider Form              Tmut/Pois      0%         N/A       100%        3
 Teleport Other           Tloc           0%         N/A       100%        3
 Dispersal                Tloc           0%         N/A       100%        6


Dungeon Overview and Level Annotations

Branches:
Dungeon (6/15)             Temple (1/1) D:4         Ossuary (visited)

Altars:
Ashenzari
Cheibriados
Dithmenos
Elyvilon
Fedhas
Gozag
Hepliaklqana
Kikubaaqudgha
Makhleb
Nemelex Xobeh
Okawaru
Qazlal
Ru
Trog
Uskayaw
Vehumet
Wu Jian
Yredelemnul
Zin
The Shining One

Shops:
D:1 :   D:4 *   D:5 *


Innate Abilities, Weirdness & Mutations

You are completely covered in rugged brown scales. (AC +3, +7% HP)
You have supernaturally acute eyesight. (SInv)
Armour fits poorly on your strangely shaped body.
You are hated by all.
You can roll at nearby foes to attack.
You have a long armoured tail.
You curl defensively after being hit. (AC +7*)


Message History

You slash Edmund! You freeze Edmund.
Edmund is almost dead.
Edmund hits you with a +4 flail of draining.
You feel drained.
You hit Edmund but do no damage. You tail-slap Edmund, but do no damage.
Edmund is almost dead.
Edmund barely misses you. x2
You hit Edmund. You freeze Edmund.
Edmund is almost dead.
Edmund hits you with a +4 flail of draining!
You feel drained.
You focus your inner power and blind Edmund in retribution!
You slash Edmund! You freeze Edmund.
You kill Edmund!
Your Axes skill increases to level 4!
Things that are here:
a +4 flail of draining; a +0 chain mail; the human corpse of Edmund
F - a +4 flail of draining
Found a stone staircase leading down.
You now have 247 gold pieces (gained 6).
There is a stone staircase leading down here.
k - 4 potions of curing (gained 1)
A steam dragon comes into view.
The steam dragon hisses angrily.
The steam dragon moves out of view.
You feel drained.
You fail to use your ability.
The steam dragon breathes steam at you. The ball of steam hits you!!
The steam scalds you terribly!
Ouch! That really hurt!
The steam dragon breathes steam at you. The ball of steam hits you!!
The steam scalds you terribly!
* * * LOW HITPOINT WARNING * * *
You feel much better.
Roll where?
Press: ? - help, Dir - move target You can't see anything there to charge at.
Okay, then.
The steam dragon breathes steam at you. The ball of steam hits you!!
The steam scalds you terribly!
You die...

#...#.[.....##.
#...####.#####.
#...####.#####.
#...#.......##.
#########...#.##.##.##.
#.....<.#...#.##.......
#.......##.##.###.#.###
#.......##.##.......# #
####.....@.#...........#
#
#........§..###..##...##
# #.##.....§§##
##.###.## #.##......§#
#....#.### #.##....##D##
#.#.###..# #.#####.###.#
#.###.#.#.#
#.#####.##.......#
#.##.#
#.......##§......#
####.#
#.......##§......# ##.#


There were no monsters in sight!

Vanquished Creatures
  Prince Ribbit (D:5)
  Edmund (D:6)
  A sky beast (D:6)
  A black bear (D:6)
  A centaur (D:5)
  A centaur zombie (Ossuary)
  A hound (D:6)
  A bullfrog skeleton (D:5)
  2 human zombies (Ossuary)
  3 iguanas (D:5)
  A hound zombie (D:5)
  3 mummies (Ossuary)
  5 adders
  An ufetubus (D:6)
  5 worms
  2 dart slugs
  5 orcs
  2 endoplasms
  4 giant cockroaches
  4 goblins
  7 hobgoblins
  4 jackals (D:3)
  6 kobolds
  5 quokkas
  6 ball pythons
  5 bats
  3 frilled lizards
  A gnoll zombie (D:6)
  2 goblin zombies (Ossuary)
  A hobgoblin zombie (Ossuary)
  A jackal zombie (D:6)
  2 kobold zombies (Ossuary)
88 creatures vanquished.

Vanquished Creatures (others)
  4 plants (D:1)
4 creatures vanquished.

Grand Total: 92 creatures vanquished

Notes
Turn   | Place    | Note
-------+----------+-------------------------------------------
     0 | D:1      | Arcadio the Palentonga Fighter began the quest for the Orb.
     0 | D:1      | Reached XP level 1. HP: 19/19 MP: 1/1
   247 | D:1      | Found Exuts's Book Boutique.
   255 | D:1      | Reached XP level 2. HP: 20/25 MP: 2/2
   695 | D:2      | Found a faded altar of an unknown god.
   704 | D:2      | Found a hide-covered altar of Uskayaw.
  1000 | D:2      | Reached XP level 3. HP: 31/31 MP: 3/3
  1332 | D:3      | Reached XP level 4. HP: 2/37 MP: 4/4
  1332 | D:3      | HP: 1/37 [poisoned by an adder]
  2477 | D:4      | Found a staircase to the Ecumenical Temple.
  2518 | Temple   | Entered the Ecumenical Temple
  2568 | Temple   | Became a worshipper of Ru the Awakened
  2706 | D:4      | Reached skill level 1 in Axes
  2876 | D:4      | Found Xosm's Lightly-Used Armoury.
  3000 | D:5      | Entered Level 5 of the Dungeon
  3155 | D:5      | Found a bloodstained altar of Trog.
  3194 | D:5      | Reached XP level 5. HP: 32/44 MP: 5/5
  3301 | D:5      | Reached skill level 4 in Fighting
  3527 | D:5      | Found Waorue's Assorted Antiques.
  3765 | D:5      | Noticed a centaur
  3769 | D:5      | Killed a centaur
  3770 | D:5      | Reached XP level 6. HP: 36/52 MP: 6/6
  3976 | D:5      | Noticed Prince Ribbit
  3991 | D:5      | Killed Prince Ribbit
  4272 | D:5      | Gained mutation: You are hated by all. [Ru sacrifice]
  4272 | D:5      | Reached * piety under Ru
  4272 | D:5      | Reached ** piety under Ru
  4392 | D:6      | Gained mutation: You curl defensively after being hit. (AC
                  | +7*) [Palentonga growth]
  4392 | D:6      | Reached XP level 7. HP: 50/58 MP: 7/7
  4490 | D:6      | Found a sand-covered staircase.
  4501 | Ossuary  | Entered an ossuary
  4559 | Ossuary  | Reached skill level 5 in Fighting
  4881 | D:6      | Found a broken altar of Ashenzari.
  4881 | D:6      | Found a glowing silver altar of Zin.
  4997 | D:6      | Noticed Edmund
  5010 | D:6      | Killed Edmund
  5191 | D:6      | Noticed a steam dragon
  5199 | D:6      | Killed from afar by a steam dragon

Illustrated notes

Levels and vault maps discovered:
D:1:      dpeg_arrival_rooms_with_view, layout_basic, serial_shops,
          shop_fountains, serial_bayou_lake_a
D:2:      layout_rooms, nicolae_ecumenical_oubliette, basic_altar
D:3:      layout_basic, minmay_misc_feat_rugged, minmay_circle_x
D:4:      layout_basic, minmay_temple_entry_tees, minmay_shop_damaged
D:5:      layout_cave_pools, mainiacjoe_overflow_paths, serial_shops,
          shop_fountains, nicolae_wormholes, uniq_prince_ribbit1
D:6:      layout_loops_cross, gammafunk_temple_overflow_claw, enter_ossuary_3,
          uniq_edmund
Temple:   nicolae_temple_elliptical

Skill      XL: |  1  2  3  4  5  6  7 |
---------------+----------------------+-----
Shields        | 3 4 |  4.1
Armour         | 3 4 |  4.6
Axes           | 1 2 3 4 |  4.1
Fighting       | 4 5 |  5.5
Maces & Flails | |  2.4

Action                   |  1- 3 |  4- 6 |  7- 9 || total
-------------------------+-------+-------+-------++-------
Melee: Flail             |    69 |       |       ||    69
       Tailslap          |     7 |     7 |     9 ||    23
       War axe           |    36 |    87 |    71 ||   194
Invok: Sacrifice Love    |       |     1 |       ||     1
 Abil: Rolling Charge    |       |     5 |     2 ||     7
  Use: Scroll            |     5 |     3 |       ||     8
       Potion            |     4 |       |     1 ||     5
Armor: Scale mail        |    55 |    29 |    44 ||   128
Dodge: Dodged            |    35 |    27 |    26 ||    88
Block: Buckler           |    18 |    11 |     8 ||    37
       Kite shield       |       |       |     4 ||     4
